 Dungeon Crawl Stone Soup version 0.18.1-50-g88ac8fd (webtiles) character file.

22 varam the Sneak (level 2, 2/13 HPs)
             Began as a Spriggan Enchanter on Oct 21, 2016.
             Quit the game on level 3 of the Dungeon.
             The game lasted 00:02:54 (1328 turns).

varam the Sneak (Spriggan Enchanter)                Turns: 1328, Time: 00:02:55

Health: 2/13       AC:  3    Str:  4    XL:     2   Next: 68%
Magic:  6/6        EV: 18    Int: 16    God:
Gold:   110        SH:  0    Dex: 16    Spells: 1 memorised, 5 levels left

rFire  . . .     SeeInvis +     a - +1 dagger
rCold  . . .     Gourm    .     b - +1 robe
rNeg   . . .     Faith    .     (shield restricted)
rPois  .         Spirit   .     (helmet restricted)
rElec  .         Dismiss  .     (no cloak)
rCorr  .         Reflect  .     (gloves unavailable)
SustAt .         Harm     .     (boots unavailable)
MR     .....                    (no amulet)
Stlth  ++++......               (no ring)
                                (no ring)

@: very quick, not resistant to hostile enchantments, stealthy
A: unfitting armour, see invisible, herbivore 3, speed 3, slow metabolism 2
a: no special abilities


You were on level 3 of the Dungeon.
You were not hungry.

You visited 1 branch of the dungeon, and saw 3 of its levels.

You collected 110 gold pieces.

Inventory:

Hand Weapons
 a - a +1 dagger (weapon)
 j - a +0 short sword
Armour
 b - a +1 robe (worn)
Scrolls
 i - a scroll of magic mapping {unknown}
 l - a scroll of remove curse {unknown}
 o - a scroll of teleportation {unknown}
Potions
 e - a potion of lignification {unknown}
 f - a potion of brilliance {unknown}
 h - 2 potions of magic {unknown}
 k - a potion of curing {unknown}
 m - a potion of heal wounds {unknown}
 n - a potion of invisibility {unknown}
Books
 c - a book of Maledictions

   Spells                             Type                      Level
   a - Corona                         Hexes                        1
   b - Ensorcelled Hibernation        Hexes/Ice                    2
   c - Confuse                        Hexes                        3
   d - Tukima's Dance                 Hexes                        3
   e - Dazzling Spray                 Conjuration/Hexes            3
Comestibles
 d - a bread ration


   Skills:
 - Level 1.1 Short Blades
 - Level 3.0 Dodging
 + Level 5.6 Stealth
 - Level 2.6 Spellcasting
 + Level 4.0 Hexes


You had 5 spell levels left.
You knew the following spells:

 Your Spells              Type           Power        Failure   Level  Hunger
b - Corona                Hex            ###....      4%          1    #......


Dungeon Overview and Level Annotations

Branches:
Dungeon (3/15)

Altars:

Annotations:
D:3 Sigmund


Innate Abilities, Weirdness & Mutations

You are tiny and cannot use many weapons and most armour.
You have supernaturally acute eyesight.
You are a herbivore.
You cover ground extremely quickly.
You need consume almost no food.


Message History

Forget which spell ([?*] list [ESC] exit)?
You don't know that spell.
Forget which spell ([?*] list [ESC] exit)?
You don't know that spell.
Forget which spell ([?*] list [ESC] exit)?
You don't know that spell.
Forget which spell ([?*] list [ESC] exit)?
Forget which spell ([?*] list [ESC] exit)?
Forget which spell ([?*] list [ESC] exit)?
Forget which spell ([?*] list [ESC] exit)?
Forget which spell ([?*] list [ESC] exit)?
You don't know that spell.
Forget which spell ([?*] list [ESC] exit)?
Your memory of Ensorcelled Hibernation unravels.
The orc misses you. The orc priest hits you.
* * * LOW HITPOINT WARNING * * *
The hobgoblin misses you.
The ooze jiggles.
Unknown command.
Are you sure you want to abandon this character and quit the game? (Confirm with "yes".)

.##......@######
.?.............#
#)......####.#
##.....## #.#
##...## #@#
##.## #.# #.#
#.# #.# ##.####
. #.# #.@oo.# .#
#.# #goo..# .#
#.# #.Jo..# .#
#.# #.....# .#
#.# #.....#
.#######.#
###.###
....[....# #.#
...####### #.#
..##


You could see Sigmund, an orc priest, an orc wizard, an ooze, 3 orcs and a
hobgoblin.

Vanquished Creatures
  An orc (D:3)
  2 bats (D:1)
  4 giant cockroaches
  A goblin (D:1)
  2 hobgoblins (D:1)
  2 jackals (D:1)
  4 kobolds (D:1)
  2 rats (D:1)
18 creatures vanquished.

Notes
Turn   | Place    | Note
--------------------------------------------------------------
     0 | D:1      | varam the Spriggan Enchanter began the quest for the Orb.
     0 | D:1      | Reached XP level 1. HP: 9/9 MP: 5/5
   126 | D:2      | Reached skill level 5 in Stealth
   419 | D:1      | Reached XP level 2. HP: 13/13 MP: 4/6
   423 | D:1      | Learned a level 2 spell: Ensorcelled Hibernation
  1306 | D:3      | Noticed Sigmund
  1328 | D:3      | Quit the game

Skill      XL: |  1  2 |
---------------+-------+-----
Stealth        | 5 |  5.6
Hexes          | 4 |  4.0
Short Blades   | |  1.1
Dodging        | |  3.0
Spellcasting   | |  2.6

Action                   || total
-------------------------++-------
Melee: Dagger            ||    67
 Cast: Corona            ||    12
       Ensorcelled Hiber ||     5
  Use: Scroll            ||     1
 Stab: Sleeping          ||     8
Armor: Robe              ||     9
Dodge: Dodged            ||    69
